 Dungeon Crawl Stone Soup version 0.25.1-9-gc5326a611f (webtiles) character file.

Game seed: 7820513834508693321

18493 teolandon225 the Fighter (level 12, 0/113 HPs)
             Began as a Minotaur Fighter on Dec 26, 2020.
             Was an Elder of Makhleb.
             Slain by a hell rat (4 damage)
             ... on level 2 of the Lair of Beasts.
             The game lasted 01:02:56 (12290 turns).

teolandon225 the Fighter (Minotaur Fighter)        Turns: 12290, Time: 01:02:56

Health: 0/113      AC: 11    Str: 27    XL:     12   Next: 28%
Magic:  14/14      EV:  8    Int:  5    God:    Makhleb [****..]
Gold:   668        SH: 11    Dex: 18    Spells: 11/11 levels left

rFire    . . .     SeeInvis .   o - +5 short sword
rCold    + . .     Gourm    .   c - +1 kite shield
rNeg     . . .     Faith    .   Q - +3 leather armour "Eqecs" {+Fly Dex+5}
rPois    .         Spirit   .   a - +1 hat
rElec    .         Reflect  .   (no cloak)
rCorr    +         Harm     .   J - +0 pair of gloves
MR       +....                  (no boots)
Stlth    ++++......             (no amulet)
HPRegen  0.28/turn              y - ring "Weapn" {MR+ rCorr Str+4}
MPRegen  0.14/turn              x - ring of protection from cold

@: heavily drained
A: retaliatory headbutt, horns 2, thin metallic scales 1, mutation resistance 1
a: Minor Destruction, Lesser Servant of Makhleb, Major Destruction, Renounce
Religion, Evoke Flight


You were on level 2 of the Lair of Beasts.
You worshipped Makhleb.
Makhleb was greatly pleased with you.
You were not hungry.

You visited 2 branches of the dungeon, and saw 12 of its levels.
You also visited: Ossuary.

You collected 668 gold pieces.

Inventory:

Hand Weapons
 n - a +3 dagger of venom
 o - a +5 short sword (weapon)
Missiles
 R - 2 throwing nets (quivered)
Armour
 a - a +1 hat (worn)
 c - a +1 kite shield (worn)
 J - a +0 pair of gloves (worn)
 Q - the +3 leather armour "Eqecs" (worn) {+Fly Dex+5}
   (You found it on level 1 of the Lair of Beasts)

   It affects your dexterity (+5).
   It lets you fly.
Jewellery
 d - an uncursed ring of protection from cold
 e - an uncursed amulet of magic regeneration
 s - an uncursed ring of protection from fire
 w - an uncursed ring of positive energy
 x - a ring of protection from cold (right hand)
 y - the ring "Weapn" (left hand) {MR+ rCorr Str+4}
   (You acquired it on level 8 of the Dungeon)

   [ring of resist corrosion]

   It affects your strength (+4).
   It affects your resistance to hostile enchantments.
   It provides partial protection from all sources of acid and corrosion.
 P - an uncursed ring of flight
Wands
 A - a wand of acid (2)
 H - a wand of enslavement (21)
 L - a wand of random effects (15)
 N - a wand of polymorph (9)
 O - a wand of iceblast (14)
Scrolls
 g - 3 scrolls of magic mapping
 j - 3 scrolls of identify
 u - 2 scrolls of fog
 B - a scroll of fear
 C - a scroll of teleportation
 D - a scroll of amnesia {unknown}
 K - 3 scrolls of remove curse
Potions
 h - 2 potions of ambrosia
 i - 2 potions of magic
 m - 2 potions of degeneration
 q - a potion of mutation
 r - 4 potions of stabbing
 v - a potion of invisibility {unknown}
 F - 3 potions of lignification
 G - a potion of heal wounds {unknown}
 I - 4 potions of brilliance {unknown}
 M - a potion of resistance {unknown}
Comestibles
 b - 8 chunks of flesh
 f - 11 rations


   Skills:
 * Level 12.7(11.3) Fighting
 * Level 11.3(9.9) Short Blades
   Level 3.0(1.9) Polearms
 + Level 9.8(8.5) Armour
 - Level 1.2(0.1) Dodging
 * Level 9.5(8.2) Stealth
 - Level 4.0(2.9) Shields
 + Level 5.0(3.8) Invocations


You had 11 spell levels left.
You didn't know any spells.
Your spell library contained the following spells:

 Spells                   Type           Power        Failure   Level  Hunger
 Animate Skeleton         Necr           N/A          96%         1    ##.....
 Apportation              Tloc           #.....       96%         1    ##.....
 Corona                   Hex            #......      96%         1    ##.....
 Freeze                   Ice            #...         96%         1    ##.....
 Magic Dart               Conj           #...         96%         1    ##.....
 Summon Small Mammal      Summ           #...         96%         1    ##.....
 Blink                    Tloc           N/A          99%         2    ###....
 Call Imp                 Summ           #.......     99%         2    ###....
 Slow                     Hex            #.......     99%         2    ###....
 Conjure Flame            Conj/Fire      #.......     100%        3    ####...
 Frozen Ramparts          Ice            #.....       100%        3    ####...
 Mephitic Cloud           Conj/Pois/Air  #.......     100%        3    ####...
 Ozocubu's Armour         Chrm/Ice       #.......     100%        3    ####...
 Hailstorm                Conj/Ice       #.......     100%        4    #####..
 Summon Ice Beast         Ice/Summ       #.......     100%        4    #####..


Dungeon Overview and Level Annotations

Branches:
Dungeon (10/15)            Temple (0/1) D:6            Lair (2/6) D:8
    Orc (0/2) D:10        Ossuary (visited)
  Swamp: Lair:2-4    Shoals: Lair:2-4     Snake: Lair:2-4    Spider: Lair:2-4

Altars:
Elyvilon
Gozag
Kikubaaqudgha
Makhleb
Nemelex Xobeh
Sif Muna
Uskayaw
Zin
The Shining One

Annotations:
Lair:2 Fannar


Innate Abilities, Weirdness & Mutations

You reflexively headbutt those who attack you in melee.
You have a pair of horns on your head.
You are partially covered in thin metallic scales. (AC +2)
You are somewhat resistant to further mutation.


Message History

You headbutt the hell rat, but do no damage.
The hell rat bites you!
* * * LOW HITPOINT WARNING * * *
You feel drained.
You see here a rapier.
You puncture the hell rat! Your headbutt misses the hell rat.
The hell rat is almost dead.
The hell rat bites you!
* * * LOW HITPOINT WARNING * * *
You feel drained.
* * * LOW HITPOINT WARNING * * *
The hell rat closely misses you. You furiously retaliate!
You headbutt the hell rat, but do no damage.
It was a potion of mutation.
You feel extremely strange.
Thin metallic scales grow over part of your body.
You feel genetically stable. The hell rat bites you!
* * * LOW HITPOINT WARNING * * *
You feel drained.
You die...

.........≈≈≈..≈≈≈................
#..#....................%........
#.#.......#.#########.P..........
#.........## #..............
...........# #..............
...#......#### ##..#...r.r....
##.##.....#..######)..#r....r....
#...............#P#..†.#.[.......
................@rr..........r...
.................r..r............
.................................
####............###.####.........
######.##..### ### #.#.##.###
#.##### ######.# ### ##


You could see 5 hell rats.

Vanquished Creatures
  Gastronok (Lair:1)
  A hydra (Lair:1)
  5 two-headed ogres (D:10)
  An ogre mage (D:10)
  A black mamba (Lair:2)
  A spiny frog (Lair:2)
  A komodo dragon (Lair:2)
  2 trolls (D:10)
  6 polar bears (Lair:2)
  Grinder (D:6)
  Prince Ribbit (D:7)
  3 blink frogs (Lair:1)
  5 hippogriffs
  11 yaks
  A wyvern (Lair:2)
  A hungry ghost (D:8)
  4 porcupines (Lair:2)
  3 water moccasins
  3 ice beasts
  A phantom (D:5)
  5 sky beasts
  A black bear (Lair:2)
  An eye of draining (D:9)
  An orc warrior (D:10)
  3 ogres
  2 crocodiles
  5 centaurs
  2 big kobolds
  6 bullfrogs
  A scorpion (D:2)
  5 howler monkeys
  12 wights
  2 crimson imps
  2 bullfrog zombies
  2 quasits
  2 bullfrog skeletons
  7 hounds
  4 orc wizards
  2 orc priests
  4 jellies
  3 centaur skeletons
  2 iguanas (D:8)
  6 worker ants
  A hell rat (Lair:2)
  A killer bee zombie (D:8)
  A hound zombie (D:9)
  A hound skeleton (D:5)
  A howler monkey zombie (D:5)
  8 gnolls
  2 howler monkey skeletons
  8 adders
  3 shadow imps
  An ooze (D:1)
  2 worms (D:2)
  4 dart slugs (D:1)
  3 leopard geckos
  37 orcs
  2 ball pythons
  6 bats (D:1)
  6 giant cockroaches
  7 goblins
  4 hobgoblins
  12 jackals
  2 quokkas
  6 frilled lizards
  19 kobolds
  A leopard gecko skeleton (D:6)
  A quokka skeleton (D:4)
  2 rats
  2 fungi (Lair:1)
  2 plants (Lair:1)
278 creatures vanquished.

Vanquished Creatures (collateral kills)
  A hydra (Lair:2)
  2 two-headed ogres (D:10)
  A yak (Lair:2)
  An ogre (D:10)
5 creatures vanquished.

Vanquished Creatures (others)
  2 fungi
  7 plants (Lair:2)
9 creatures vanquished.

Grand Total: 292 creatures vanquished

Notes
Turn   | Place    | Note
-------+----------+-------------------------------------------
     0 | D:1      | teolandon225 the Minotaur Fighter began the quest for the
                  | Orb.
     0 | D:1      | Reached XP level 1. HP: 19/19 MP: 0/0
    69 | D:1      | Reached XP level 2. HP: 24/27 MP: 1/1
   460 | D:1      | Reached skill level 1 in Dodging
   466 | D:1      | Reached skill level 4 in Fighting
   496 | D:1      | Reached XP level 3. HP: 33/33 MP: 2/2
  1384 | D:2      | Found a glowing golden altar of the Shining One.
  1388 | D:2      | Found an ancient bone altar of Kikubaaqudgha.
  1388 | D:2      | Found a burning altar of Makhleb.
  1389 | D:2      | Found a white marble altar of Elyvilon.
  1446 | D:2      | Became a worshipper of Makhleb the Destroyer
  1461 | D:2      | Found a shimmering blue altar of Sif Muna.
  1484 | D:2      | Reached XP level 4. HP: 40/40 MP: 3/3
  1497 | D:2      | Reached skill level 1 in Short Blades
  1497 | D:2      | Reached skill level 1 in Stealth
  2038 | D:3      | Reached XP level 5. HP: 47/47 MP: 4/4
  2191 | D:3      | Found a burning altar of Makhleb.
  2191 | D:3      | Noticed an Executioner
  2194 | D:3      | Noticed a hellwing
  2194 | D:3      | Noticed a smoke demon
  2308 | D:3      | Found a glowing silver altar of Zin.
  2519 | D:4      | Reached * piety under Makhleb
  2567 | D:4      | Reached skill level 5 in Fighting
  2605 | D:4      | Reached XP level 6. HP: 37/56 MP: 5/5
  3106 | D:5      | Entered Level 5 of the Dungeon
  3116 | D:5      | Noticed a sky beast
  3126 | D:5      | Killed a sky beast
  3273 | D:5      | Found a sparkling altar of Nemelex Xobeh.
  3274 | D:5      | Found an opulent altar of Gozag.
  3329 | D:5      | Reached skill level 5 in Armour
  3329 | D:5      | Reached XP level 7. HP: 40/62 MP: 6/6
  3396 | D:5      | Reached skill level 6 in Fighting
  3435 | D:5      | Found a sand-covered staircase.
  3443 | Ossuary  | Entered an ossuary
  3657 | D:5      | Found a hide-covered altar of Uskayaw.
  4144 | D:6      | Found a staircase to the Ecumenical Temple.
  4168 | D:6      | Noticed Grinder
  4183 | D:6      | Killed Grinder
  4183 | D:6      | Reached skill level 7 in Fighting
  4183 | D:6      | Reached skill level 5 in Short Blades
  4183 | D:6      | Reached XP level 8. HP: 73/73 MP: 7/7
  4454 | D:7      | Noticed Prince Ribbit
  4523 | D:7      | Killed Prince Ribbit
  5132 | D:8      | Reached skill level 5 in Stealth
  5184 | D:8      | Reached skill level 8 in Fighting
  5244 | D:8      | Reached ** piety under Makhleb
  5270 | D:8      | Reached XP level 9. HP: 68/81 MP: 8/8
  5515 | D:8      | Found a staircase to the Lair.
  5841 | Lair:1   | Entered Level 1 of the Lair of Beasts
  6031 | Lair:1   | Noticed Gastronok
  6559 | Lair:1   | Reached skill level 9 in Fighting
  6612 | Lair:1   | Got a shimmering leather armour
  6622 | Lair:1   | Identified the +3 leather armour "Eqecs" {+Fly Dex+5} (You
                  | found it on level 1 of the Lair of Beasts)
  6624 | Lair:1   | Noticed a five-headed hydra
  6957 | D:8      | Identified a scroll of acquirement
  6957 | D:8      | Acquired the ring "Weapn" {MR+ rCorr Str+4}
  7664 | D:9      | Reached XP level 10. HP: 91/92 MP: 9/9
  8006 | D:9      | Reached *** piety under Makhleb
  8268 | D:9      | Reached skill level 10 in Fighting
  8268 | D:9      | Reached skill level 1 in Invocations
  8589 | D:10     | Entered Level 10 of the Dungeon
  8836 | D:10     | Found a staircase to the Orcish Mines.
  8875 | D:10     | Noticed a two-headed ogre
  8876 | D:10     | Noticed a two-headed ogre
  8879 | D:10     | Noticed a two-headed ogre
  8886 | D:10     | Killed a two-headed ogre
  8889 | D:10     | Killed a two-headed ogre
  8889 | D:10     | Noticed a two-headed ogre
  8893 | D:10     | Noticed an ogre mage
  8895 | D:10     | Killed a two-headed ogre
  8896 | D:10     | Noticed a two-headed ogre
  8915 | D:10     | Killed a two-headed ogre
  8915 | D:10     | Reached skill level 11 in Fighting
  8992 | D:10     | Noticed a two-headed ogre
  9007 | D:10     | Reached XP level 11. HP: 26/102 MP: 12/12
  9585 | D:10     | Noticed a two-headed ogre
  9592 | D:10     | Killed a two-headed ogre
  9661 | D:10     | Reached **** piety under Makhleb
  9804 | D:10     | Killed an ogre mage
  9816 | D:10     | Killed a two-headed ogre
  9816 | D:10     | Reached skill level 10 in Short Blades
  9821 | D:10     | Killed a two-headed ogre
 10449 | Lair:1   | Killed a five-headed hydra
 10770 | Lair:1   | Killed Gastronok
 10770 | Lair:1   | Reached skill level 12 in Fighting
 11250 | Lair:2   | Reached XP level 12. HP: 26/113 MP: 14/14
 11275 | Lair:2   | HP: 5/113 [poisoned by a spiny frog]
 11281 | Lair:2   | HP: 5/113 [poisoned by a spiny frog]
 11289 | Lair:2   | HP: 5/113 [poisoned by a spiny frog]
 11756 | Lair:2   | Noticed an eight-headed hydra
 11771 | Lair:2   | Killed an eight-headed hydra
 12119 | Lair:2   | Reached skill level 5 in Invocations
 12254 | Lair:2   | Noticed Fannar
 12290 | Lair:2   | Gained mutation: You are partially covered in thin metallic
                  | scales. (AC +2) [potion of mutation]
 12290 | Lair:2   | Gained mutation: You are somewhat resistant to further
                  | mutation. [potion of mutation]
 12290 | Lair:2   | HP: 4/113 [hell rat (9)]
 12290 | Lair:2   | Slain by a hell rat

Illustrated notes

Levels and vault maps discovered:
D:1:      mrwooster_arrival_statue_2, layout_basic, minmay_split_cup_small
D:2:      layout_basic, grunt_temple_overflow_open, led_sif_pool
D:3:      layout_rooms, zin_academy, first_ration, grunt_ministairs_5,
          makhleb_altar_promises_db
D:4:      layout_cave_pools, serial_glass, glass_columns_b, glass_columns_b
D:5:      layout_rooms, grunt_temple_overflow_opulence, basic_altar,
          chequers_ossuary_entry_cave, hangedman_minor_gate_pass
D:6:      layout_basic, minmay_temple_entry_slanted, serial_glass,
          glass_columns_a, glass_columns_b, uniq_grinder
D:7:      layout_cave_pools, uniq_prince_ribbit1
D:8:      layout_loops_ring, lair_entry_dummy
D:9:      layout_layer_cave
D:10:     layout_loops_ring, orc_0_dummy, special_room [special_room_orc]
Lair:1:   layout_cellular_growth, uniq_gastronok
Lair:2:   beast_lair_carwin_large_2, layout_gridlike, grunt_megastairs_1,
          uniq_fannar

Skill      XL: |  1  2  3  4  5  6  7  8  9 10 11 12 |
---------------+-------------------------------------+-----
Dodging        | 1 |  1.2
Fighting       | 4 5 7 8 9 11 12 | 12.7
Armour         | 4 5 6 7 8 9 |  9.8
Shields        | 4 |  4.0
Polearms       | 3 |  3.0
Short Blades   | 1 2 3 5 6 8 9 11 | 11.3
Stealth        | 1 2 4 5 6 7 9 |  9.5
Invocations    | 2 4 5 |  5.0

Action                   |  1- 3 |  4- 6 |  7- 9 | 10-12 || total
-------------------------+-------+-------+-------+-------++-------
Melee: Trident           |    69 |       |       |       ||    69
       Headbutt          |    20 |    29 |   101 |   155 ||   305
       Dagger            |    43 |   132 |   405 |   149 ||   729
       Short sword       |       |       |       |   265 ||   265
Invok: Lesser Servant of |       |       |       |     4 ||     4
       Minor Destruction |       |       |       |     2 ||     2
       Major Destruction |       |       |       |     3 ||     3
Evoke: Wand              |       |       |       |    12 ||    12
  Use: Scroll            |     2 |     4 |    17 |     8 ||    31
       Potion            |       |       |     6 |     4 ||    10
 Stab: Sleeping          |       |       |     3 |    11 ||    14
       Distracted        |       |       |       |     5 ||     5
  Eat: Chunk             |     2 |     1 |     8 |     2 ||    13
       Ration            |       |     2 |     3 |     4 ||     9
Armor: Scale mail        |    39 |    30 |    79 |       ||   148
       Leather armour    |       |       |    14 |    78 ||    92
Dodge: Dodged            |    26 |    25 |    82 |    86 ||   219
Block: Kite shield       |    61 |    50 |   130 |   139 ||   380
